 Dungeon Crawl Stone Soup version 0.16-a0-3699-g1c51eb1 (console) character file.

131 mauris the Cudgeler (level 4, 0/33 HPs)
             Began as a Demonspawn Gladiator on Jan 19, 2015.
             Killed by divine providence
             ... invoked by an orc priest
              (14 damage)
             ... on level 3 of the Dungeon.
             The game lasted 00:05:03 (2717 turns).

mauris the Cudgeler (Demonspawn Gladiator)          Turns: 2717, Time: 00:05:03

Health: 0/33       AC:  9    Str: 16    XL:     4   Next: 91%
Magic:  4/4        EV: 13    Int:  9    God:
Gold:   137        SH:  0    Dex: 14    Spells: 0 memorised, 3 levels left

rFire  . . .     SeeInvis .     a - +0 short sword (protect)
rCold  . . .     Clarity  .     w - +1 robe {MR+}
rNeg   + . .     SustAb   .     (no shield)
rPois  .         Gourm    .     c - +0 helmet
rElec  .         Spirit   .     (no cloak)
rCorr  .         Warding  +     (no gloves)
rMut   .         Rnd*Tele +     (no boots)
MR     +....                    s - amulet of warding
Stlth  +.........               (no ring)
                                n - ring of teleportation (curse)

@: somewhat resistant to hostile enchantments, very unstealthy
A: hooves 1, spiny 1
a: Evoke Teleportation


You were on level 3 of the Dungeon.
You were not hungry.

You visited 1 branch of the dungeon, and saw 3 of its levels.

You collected 137 gold pieces.

Inventory:

Hand weapons
 a - a +0 short sword of protection (weapon)
 b - a +0 blowgun {@w1}
Missiles
 d - 2 throwing nets (quivered)
 t - 18 poisoned needles
Armour
 c - a +0 helmet (worn)
 u - a +0 leather armour
 w - a +1 robe of magic resistance (worn)
Jewellery
 n - a cursed ring of teleportation (left hand)
 s - an amulet of warding (around neck)
Scrolls
 i - 2 scrolls of amnesia
 q - a scroll of teleportation {@r4}
Potions
 k - a potion of cancellation
 m - 2 potions of heal wounds {@q2}
 o - a potion of restore abilities {unknown}
 p - 3 potions of brilliance
 r - a potion of lignification {unknown}
Comestibles
 f - 3 bread rations
 g - a royal jelly
 h - a fruit
 j - a chunk of flesh
 l - a beef jerky


   Skills:
 - Level 2.0 Fighting
 + Level 2.2 Short Blades
   Level 4.4 Maces & Flails
 - Level 1.7 Throwing
 - Level 2.6 Dodging


You had 3 spell levels left.
You didn't know any spells.

Dungeon Overview and Level Annotations

Branches:
Dungeon (3/15)

Altars:
Sif Muna


Innate Abilities, Weirdness & Mutations

You have large cloven feet.
You are partially covered in sharp spines.


Message History

Things that are here:
a dagger; a robe You barely miss the orc priest.
You kick the orc priest, but do no damage.
The orc priest closely misses you.
Some of the chunks of flesh in your inventory have rotted away.
You closely miss the orc priest.
The orc priest invokes the aid of Beogh against you.
You resist with some effort.
You barely miss the orc priest.
You kick the orc priest, but do no damage.
The orc priest barely misses you.
You barely miss the orc priest. The orc priest hits you with a whip.
* * * LOW HITPOINT WARNING * * *
You hit the orc priest but do no damage.
The orc priest barely misses you.
You hit the orc priest but do no damage.
The orc priest calls down the wrath of Beogh upon you.
Something smites you!
You die...

........#..# .#
...........#####.#
..#............#.# #
)###.......>...#.#
...
.#..####.......#.#
#.# ....#
#.%.....#.##.(#
#...# #.........#(.#
....####....#...#?.#
##.)............1o##
##.%.##.##.#######
..# #.......#.#
.....### #...#.#.#.#
........
#....#.#....
#........
......#.##%.#
#.......# ........
..# .......#
.##..... ..# #.....#
# #.#### #...$.#


You could see an orc priest.

Vanquished Creatures
  An orc wizard (D:3)
  4 adders
  3 worms (D:2)
  A giant gecko (D:3)
  2 giant cockroaches (D:1)
  5 goblins
  5 hobgoblins
  4 jackals (D:2)
  4 bats
  5 giant newts
  11 kobolds
  2 quokkas (D:2)
  8 rats
55 creatures vanquished.

Notes
Turn   | Place    | Note
--------------------------------------------------------------
     0 | D:1      | mauris, the Demonspawn Gladiator, began the quest for the Orb.
     0 | D:1      | Reached XP level 1. HP: 16/16 MP: 1/1
   252 | D:1      | Reached skill level 3 in Maces & Flails
   494 | D:1      | Gained mutation: You have large cloven feet. [demonic ancestry]
   494 | D:1      | Reached XP level 2. HP: 22/22 MP: 2/2
  1199 | D:2      | Gained mutation: You are partially covered in sharp spines. [demonic ancestry]
  1199 | D:2      | Reached XP level 3. HP: 19/27 MP: 3/3
  1389 | D:2      | Found a deep blue altar of Sif Muna.
  1435 | D:2      | Reached skill level 4 in Maces & Flails
  1833 | D:2      | Reached XP level 4. HP: 17/33 MP: 4/4
  2336 | D:3      | Reached skill level 1 in Short Blades
  2717 | D:3      | Killed from afar by an orc priest

Action                   |  1- 3 |  4- 6 || total
-------------------------+-------+-------++-------
Melee: Flail             |   141 |       ||   141
       Short sword       |       |    74 ||    74
 Fire: Blowgun           |       |     2 ||     2
Throw: Throwing net      |     3 |       ||     3
  Use: Scroll            |       |     8 ||     8
 Stab: Held in net/web   |     2 |       ||     2
  Eat: Chunk             |     3 |     3 ||     6

Vault maps used:
D:1:      dpeg_arrival_sounds_drone
D:2:      led_sif_pool, kennysheep_generic_room_8
D:3:      first_bread, hex_intersection, kennysheep_decorative_pillar,
          minmay_rats_cheesy_pizza
